 Dungeon Crawl Stone Soup version 0.22-a0-609-gfedc9ff (webtiles) character file.

495 Hebeh the Conjurer (level 6, -2/32 HPs)
             Began as a Deep Elf Fire Elementalist on July 10, 2018.
             Slain by a worker ant (4 damage)
             ... on level 4 of the Dungeon.
             The game lasted 00:22:41 (3795 turns).

Hebeh the Conjurer (Deep Elf Fire Elementalist)     Turns: 3795, Time: 00:22:42

Health: -2/32      AC:  4    Str:  5    XL:     6   Next: 92%
Magic:  0/15       EV: 13    Int: 22    God:
Gold:   154        SH:  0    Dex: 15    Spells: 6/15 levels left

rFire    . . .     SeeInvis .   a - +0 spear (venom)
rCold    . . .     Gourm    .   (no shield)
rNeg     + . .     Faith    .   y - +0 robe
rPois    .         Spirit   .   (no helmet)
rElec    .         Reflect  .   i - +0 cloak
rCorr    .         Harm     .   u - +0 pair of gloves
MR       .....                  (no boots)
Stlth    ++........             (no amulet)
HPRegen  0.10/turn              o - ring of positive energy
MPRegen  0.14/turn              (no ring)

@: no status effects
A: no striking features
a: no special abilities


You were on level 4 of the Dungeon.
You were not hungry.

You visited 1 branch of the dungeon, and saw 4 of its levels.

You collected 200 gold pieces.
You spent 46 gold pieces at shops.

Inventory:

Hand Weapons
 a - a +0 spear of venom (weapon)
 b - a +0 hunting sling
 B - a +0 whip
Missiles
 h - 97 stones (quivered)
 q - 43 sling bullets
Armour
 i - a +0 cloak (worn)
 u - a +0 pair of gloves (worn)
 y - a +0 robe (worn)
Jewellery
 o - a ring of positive energy (left hand)
Scrolls
 d - 3 scrolls of teleportation {unknown}
 e - 2 scrolls of identify
 f - a scroll of random uselessness {unknown}
 g - 3 scrolls of amnesia {unknown}
 n - 3 scrolls of enchant armour {unknown}
 r - a scroll of remove curse {unknown}
 s - a scroll of fear {unknown}
 C - a scroll of magic mapping {unknown}
Potions
 j - 2 potions of curing {unknown}
 k - a potion of resistance
 l - 2 potions of degeneration
 m - a potion of invisibility
 p - a potion of flight
 t - a potion of might {unknown}
 v - a potion of mutation {unknown}
 w - a potion of agility
 x - a potion of heal wounds {unknown}
 z - a potion of ambrosia
 A - a potion of haste {unknown}
Comestibles
 c - 5 rations
 D - 2 chunks of flesh


   Skills:
 - Level 2.4 Dodging
 - Level 2.4 Stealth
 + Level 5.2 Spellcasting
 * Level 5.3 Conjurations
 + Level 2.4 Translocations
 + Level 5.0 Fire Magic


You had 6 spell levels left.
You knew the following spells:

 Your Spells              Type           Power        Failure   Level  Hunger
a - Flame Tongue          Conj/Fire      ####.        1%          1    None
b - Magic Dart            Conj           ####         1%          1    None
c - Conjure Flame         Conj/Fire      ####....     3%          3    ##.....
d - Throw Flame           Conj/Fire      ####..       1%          2    None
e - Blink                 Tloc           N/A          5%          2    None

Your spell library contained the following spells:

 Spells                   Type           Power        Failure   Level  Hunger
 Fireball                 Conj/Fire      ####......   32%         5    #####..
 Apportation              Tloc           ###...       3%          1    None
 Slow                     Hex            #.......     16%         2    None
 Mephitic Cloud           Conj/Pois/Air  ##......     14%         3    ##.....
 Summon Small Mammal      Summ           #...         10%         1    None
 Animate Skeleton         Necr           N/A          10%         1    None
 Sticky Flame             Conj/Fire      ####....     12%         4    ####...
 Call Imp                 Summ           #.......     16%         2    None
 Confusing Touch          Hex            #.....       10%         1    None
 Inner Flame              Hex/Fire       ###.....     11%         3    ##.....


Dungeon Overview and Level Annotations

Branches:
Dungeon (4/15)
 Temple: D:4-7

Altars:
Hepliaklqana
Kikubaaqudgha
Ru
Wu Jian
Zin
The Shining One

Shops:
D:4 *

Annotations:
D:4 Dowan


Message History

Confirm with . or Enter, or press ? or * to list all spells.
Aiming: Flame Tongue (safe; 1% risk of failure)
Press: ? - help, Shift-Dir - straight line, f/p - Duvessa
Aim: Duvessa, wielding a short sword and wearing a ring mail (almost dead)
The flame tongue hits Duvessa.
You kill Duvessa!
Dowan screams, "No!
No!"
Dowan seems to find hidden reserves of power!
Your Conjurations skill increases to level 5!
Your Fire Magic skill increases to level 5!
Casting: Flame Tongue (safe; 1% risk of failure)
Confirm with . or Enter, or press ? or * to list all spells.
Aiming: Flame Tongue (safe; 1% risk of failure)
Press: ? - help, Shift-Dir - straight line, f - worker ant
Aim: a worker ant The flame tongue hits the worker ant.
The worker ant is heavily wounded.
Dowan mumbles some strange words.
Dowan blinks!
The worker ant bites you.
You die...

### # #.######### #.#.
#..@a.e..ยง. #... #.#########
.... #.# #### #.# # ###### #.# #
...).# #.# ####+# ####)# #.#
#..... ...#)##### #.# #.....
##.#)#...#####.#############.....


You could see Dowan and a worker ant.

Vanquished Creatures
  Duvessa (D:4)
  A centaur (D:4)
  2 howler monkeys
  2 orc wizards
  3 adders
  4 gnolls (D:2)
  2 oozes
  A worm (D:2)
  A dart slug (D:2)
  2 leopard geckos
  14 orcs
  2 ball pythons (D:2)
  7 giant cockroaches
  6 goblins
  4 hobgoblins
  9 jackals
  A quokka (D:3)
  10 bats
  2 frilled lizards
  5 kobolds
  9 rats
88 creatures vanquished.

Notes
Turn   | Place    | Note
-------+----------+-------------------------------------------
     0 | D:1      | Hebeh the Deep Elf Fire Elementalist began the quest for the Orb.
     0 | D:1      | Reached XP level 1. HP: 10/10 MP: 6/6
   196 | D:1      | Reached XP level 2. HP: 15/15 MP: 4/8
   699 | D:1      | Reached XP level 3. HP: 19/19 MP: 6/10
  1260 | D:2      | Learned a level 1 spell: Magic Dart
  1318 | D:2      | Reached XP level 4. HP: 24/24 MP: 4/11
  1551 | D:2      | Learned a level 3 spell: Conjure Flame
  1554 | D:2      | Learned a level 2 spell: Throw Flame
  1557 | D:2      | Learned a level 2 spell: Blink
  1875 | D:2      | Found a faded altar of an unknown god.
  2086 | D:3      | Found a glowing silver altar of Zin.
  2195 | D:3      | Reached XP level 5. HP: 28/28 MP: 2/13
  2300 | D:3      | Reached skill level 1 in Translocations
  2421 | D:3      | Found a sacrificial altar of Ru.
  2578 | D:3      | Found a glowing golden altar of the Shining One.
  2701 | D:3      | Found a hazy altar of Hepliaklqana.
  2940 | D:4      | Found an ornate altar of the Wu Jian Council.
  2948 | D:4      | Found an ancient bone altar of Kikubaaqudgha.
  2998 | D:4      | Found the +6 lightning scales {run, rElec}
  3006 | D:4      | Found Yzalooma's Assorted Antiques.
  3032 | D:4      | Bought a hunting sling for 46 gold pieces
  3212 | D:4      | Reached XP level 6. HP: 32/32 MP: 11/15
  3648 | D:4      | Reached skill level 5 in Spellcasting
  3779 | D:4      | Noticed Dowan
  3780 | D:4      | Noticed Duvessa
  3794 | D:4      | Killed Duvessa
  3794 | D:4      | Reached skill level 5 in Conjurations
  3794 | D:4      | Reached skill level 5 in Fire Magic
  3795 | D:4      | Slain by a worker ant

Vault maps used:
D:1:      shiori_arrival_maze, minmay_misc_feat_rugged, minmay_cut_off
D:2:      chequers_ecumenical_altar_simple
D:3:      nicolae_tso_carved_into_rock, nicolae_overflow_crystal_walls,
          lemuel_round_altar, first_ration, nicolae_ru_great_annihilating_truth
D:4:      lemuel_upstairs_altar, grunt_temple_overflow_open,
          nicolae_dithmenos_through_a_glass_darkly, serial_shops,
          nicolae_shop_waterfront, uniq_ijyb, uniq_duvessa

Skill      XL: |  1  2  3  4  5  6 |
---------------+-------------------+-----
Conjurations   | 2 3 4 5 |  5.3
Fire Magic     | 4 5 |  5.0
Spellcasting   | 4 5 |  5.2
Translocations | 1 2 |  2.4
Dodging        | |  2.4
Stealth        | |  2.4

Action                   |  1- 3 |  4- 6 || total
-------------------------+-------+-------++-------
Melee: Whip              |     7 |     2 ||     9
Throw: Stone             |    13 |       ||    13
 Cast: Flame Tongue      |    69 |    58 ||   127
       Magic Dart        |     3 |    87 ||    90
       Conjure Flame     |       |     1 ||     1
       Throw Flame       |       |     1 ||     1
  Use: Scroll            |       |     6 ||     6
  Eat: Chunk             |     1 |     8 ||     9
Armor: Robe              |     9 |     3 ||    12
Dodge: Dodged            |    27 |     7 ||    34

Table legend:
 A = Spawn XP
 B = Non-spawn XP
 C = Spawn XP percentage of total XP
 D = Spawn monster count
 E = Non-spawn monster count
 F = Spawn count percentage of total count
 G = Total turns spent on level
                    A         B        C        D         E        F      G
               +---------+---------+-------+---------+---------+-------+---------
         Total |       0 |     708 |   0.0 |       0 |      88 |   0.0 |  3795
               +---------+---------+-------+---------+---------+-------+---------
           D:1 |       0 |      47 |   0.0 |       0 |      26 |   0.0 |   886
           D:2 |       0 |     108 |   0.0 |       0 |      19 |   0.0 |  1168
           D:3 |       0 |     160 |   0.0 |       0 |      25 |   0.0 |   886
           D:4 |       0 |     393 |   0.0 |       0 |      18 |   0.0 |   855
               +---------+---------+-------+---------+---------+-------+---------
